 Dungeon Crawl Stone Soup version 0.26.0-3-g156281e41b (webtiles) character file.

Game seed: 6170118458458027235

534 Gauvater the Sneak (level 7, 0/61 HPs)
             Began as a Ghoul Delver on Jan 9, 2021.
             Was a Priest of Yredelemnul.
             Slain by an orc warrior
             ... wielding a +2 dire flail of protection
              (12 damage)
             ... on level 6 of the Dungeon.
             The game lasted 00:37:03 (6550 turns).

Gauvater the Sneak (Ghoul Delver)                   Turns: 6550, Time: 00:37:04

Health: 0/61       AC:  6    Str: 17    XL:     7   Next: 25%
Magic:  17/17      EV:  9    Int:  6    God:    Yredelemnul [***...]
Gold:   224        SH:  8    Dex: 10    Spells: 6/6 levels left

rFire    . . .     SeeInvis .   w - +0 war axe
rCold    + . .     Faith    .   e - +0 kite shield
rNeg     + + +     Spirit   .   b - +0 leather armour
rPois    ∞         Reflect  .   (no helmet)
rElec    .         Harm     .   q - +2 cloak
rCorr    .         Rampage  .   (no gloves)
Will     .....                  (no boots)
Stlth    +++.......             (no amulet)
HPRegen  0.00/turn              v - ring of magical power
MPRegen  0.15/turn              (no ring)

@: no status effects
A: claws 1, cold resistance 1, negative energy resistance 3, inhibited
regeneration, torment resistance, unbreathing
a: Renounce Religion, Recall Undead Slaves, Injury Mirror, Animate Dead


You were on level 6 of the Dungeon.
You worshipped Yredelemnul.
Yredelemnul was most pleased with you.
You visited 2 branches of the dungeon, and saw 8 of its levels.

You collected 224 gold pieces.

Inventory:

Hand Weapons
 a - a +0 hand axe
 w - a +0 war axe (weapon)
Missiles
 j - 20 bolts
 k - 14 poisoned darts (quivered)
 l - 70 stones
 m - 69 sling bullets
 o - 150 arrows
 y - 2 boomerangs
Armour
 b - a +0 leather armour (worn)
 e - a +0 kite shield (worn)
 q - a +2 cloak (worn)
Jewellery
 v - a ring of magical power (left claw)
Wands
 g - a wand of digging (3)
 s - a wand of flame (21)
Scrolls
 c - 4 scrolls of fog
 d - a scroll of magic mapping
 h - a scroll of teleportation
 i - 3 scrolls of remove curse
 n - a scroll of enchant weapon {unknown}
 r - a scroll of blinking {unknown}
 t - a scroll of random uselessness {unknown}
Potions
 f - a potion of flight
 p - 2 potions of lignification {unknown}
 u - 2 potions of curing
 x - a potion of might {unknown}
 z - a potion of heal wounds {unknown}


   Skills:
 * Level 5.1 Fighting
 + Level 3.5 Axes
 - Level 0.1 Throwing
 + Level 1.7 Armour
 + Level 2.5 Dodging
 + Level 6.1 Stealth
 * Level 2.1 Shields
 * Level 2.7 Invocations


You had 6 spell levels left.
You didn't know any spells.
Your spell library contained the following spells:

 Spells                   Type           Power        Failure   Level
 Sandblast                Erth           0%           97%         1
 Passwall                 Tmut/Erth      0%           99%         2
 Stone Arrow              Conj/Erth      0%           100%        3
 Petrify                  Tmut/Erth      0%           100%        4
 Lee's Rapid Deconstruct  Erth           0%           100%        5


Dungeon Overview and Level Annotations

Branches:
Dungeon (7/15)             Temple (1/1) D:5

Altars:
Ashenzari
Cheibriados
Dithmenos
Elyvilon
Fedhas
Gozag
Hepliaklqana
Kikubaaqudgha
Makhleb
Nemelex Xobeh
Okawaru
Qazlal
Ru
Sif Muna
Trog
Vehumet
Wu Jian
Yredelemnul
Zin
The Shining One

Annotations:
D:5 4 runed translucent doors, Crazy Yiuf; zahlanzi's ghost, novice MiBe


Innate Abilities, Weirdness & Mutations

You thrive by killing the living.
You are immune to poison.
You have sharp fingernails.
Your flesh is cold resistant. (rC+)
You are immune to negative energy. (rN+++)
You do not regenerate when monsters are visible.
You are immune to unholy pain and torment.
You can survive without breathing.


Message History

You hit the orc warrior.
The orc warrior is lightly wounded.
Your orc zombie closely misses the orc warrior.
The orc warrior hits you but does no damage.
You closely miss the orc warrior.
The orc warrior is lightly wounded.
The orc warrior hits you with a +2 dire flail of protection!
* * * LOW HITPOINT WARNING * * *
Your orc zombie hits the orc warrior but does no damage.
The orc warrior hits you but does no damage.
Your orc zombie closely misses the orc warrior.
You barely miss the orc warrior.
The orc warrior is lightly wounded.
You block the orc warrior's attack.
Your orc zombie barely misses the orc warrior.
You hit the orc warrior.
The orc warrior is lightly wounded.
The orc warrior hits you with a +2 dire flail of protection!
You die...
Yredelemnul claims you as an undead slave.

,,,,,########......##.....#
*..
,,,,,#....................#
*..
,,,,,#....................#
*,.
,,,,,#...........)<.......#
*,,
,,,,,#....................#
*,,
,,,,,#....................#
*,,
,,,,,#.....##......##.....#
*,,
,,,,,########......##.....#
*,,
,,,,,*,.......Z)@..#,.....#
*,,
,,,,,*,........o...#,.....#
*,,
,,,,,*,............#,,,...*
*,,
,,,,,**....##...##.#*,,,,**
*,,
*,,,,,*....*#...#*##*,,,,**
*,,
*,,,,,*...,*....#,,,,,,,,,*
*,,
*,,,,,*..,,#....',,,,,,,,,*
*,,
*,,,,,*,,,,.....#,,,,,,,,,*
*,,
*,,,,,*,,,....#'#**********
***


You could see an orc warrior and a friendly orc zombie.

Vanquished Creatures
  4 hounds
  2 orc priests
  Jessica (D:2)
  3 worker ants
  6 adders
  3 gnolls (D:5)
  A river rat (D:5)
  A shadow imp (D:5)
  2 oozes
  An adder skeleton (D:3)
  3 worms (D:2)
  3 dart slugs
  9 orcs
  2 ball pythons
  11 bats
  6 giant cockroaches
  8 hobgoblins
  14 jackals
  A quokka (D:5)
  6 frilled lizards
  9 goblins
  11 kobolds
  9 rats
116 creatures vanquished.

Vanquished Creatures (collateral kills)
  An orc priest (D:6)
  An orc wizard (D:3)
  An ufetubus (D:5)
  2 leopard geckos
  An orc (D:3)
  2 jackals (D:3)
  A quokka (D:5)
9 creatures vanquished.

Vanquished Creatures (others)
  An adder zombie (D:4)
  A dart slug zombie (D:2)
  2 goblin zombies
  A hound zombie (D:5)
  2 jackal zombies (D:4)
  2 kobold zombies (D:3)
  A leopard gecko zombie (D:4)
  3 orc zombies
  2 quokka zombies (D:5)
  A rat zombie (D:5)
16 creatures vanquished.

Grand Total: 141 creatures vanquished

Notes
Turn   | Place    | Note
-------+----------+-------------------------------------------
     0 | D:5      | Gauvater the Ghoul Delver began the quest for the Orb.
     0 | D:5      | Reached XP level 1. HP: 19/19 MP: 0/0
     7 | Temple   | Entered the Ecumenical Temple
   189 | Temple   | Became a worshipper of Yredelemnul the Dark
   234 | D:5      | Noticed a hound
   273 | D:4      | Noticed an orc priest
   578 | D:3      | Reached XP level 2. HP: 15/26 MP: 1/1
   658 | D:3      | Found a white marble altar of Elyvilon.
  1070 | D:1      | Reached XP level 3. HP: 29/31 MP: 2/2
  1231 | D:1      | Reached * piety under Yredelemnul
  1337 | D:1      | Reached skill level 1 in Invocations
  1986 | D:2      | Reached XP level 4. HP: 19/38 MP: 3/3
  2393 | D:2      | Found a radiant altar of Vehumet.
  2393 | D:2      | Found a shadowy altar of Dithmenos.
  2459 | D:2      | Noticed Jessica
  2465 | D:2      | Killed Jessica
  2721 | D:2      | Reached skill level 6 in Stealth
  2994 | D:2      | Reached skill level 1 in Shields
  2994 | D:2      | Reached XP level 5. HP: 46/46 MP: 5/5
  3000 | D:2      | Reached ** piety under Yredelemnul
  3438 | D:3      | Reached skill level 1 in Armour
  4403 | D:4      | Reached XP level 6. HP: 51/52 MP: 1/6
  4934 | D:4      | You fall into a shaft and drop 3 floors!
  5005 | D:6      | Noticed an orc warrior
  5626 | D:5      | Found a runed translucent gate.
  5626 | D:5      | Found a runed translucent gate.
  5626 | D:5      | Found a runed translucent gate.
  5628 | D:5      | Noticed zahlanzi's ghost (novice MiBe)
  5630 | D:5      | Identified the +1 scale mail "Wonaostru" {+Blink +Fly rCorr
                  | Str-3}
  5830 | D:5      | Reached *** piety under Yredelemnul
  5845 | D:5      | Reached skill level 5 in Fighting
  5932 | D:5      | Reached XP level 7. HP: 55/61 MP: 7/7
  6006 | D:5      | Found a runed translucent door.
  6197 | D:5      | Noticed Crazy Yiuf
  6550 | D:6      | Slain by an orc warrior

Illustrated notes

Levels and vault maps discovered:
D:1:      minmay_arrival_jagged, layout_basic
D:2:      layout_loops_ring, gammafunk_temple_overflow_wave, uniq_jessica
D:3:      layout_rooms, elyvilon_altar_5
D:4:      layout_loops_ring
D:5:      layout_loops_ring, minmay_temple_entry_from_below_b,
          biasface_ghost_orc_armoury, portal_sewer_entry_a,
          uniq_crazy_yiuf_cottage
D:6:      layout_gridville
D:7:      layout_basic, chequers_serial_rivers_micro_a
Temple:   regret_index_temple_mists

Skill      XL: |  1  2  3  4  5  6  7 |
---------------+----------------------+-----
Axes           | 2 3 |  3.5
Invocations    | 1 2 |  2.7
Stealth        | 6 |  6.1
Shields        | 1 2 |  2.1
Fighting       | 4 5 |  5.1
Dodging        | 2 |  2.5
Armour         | 1 |  1.7
Throwing       | |  0.1

Action                   |  1- 3 |  4- 6 |  7- 9 || total
-------------------------+-------+-------+-------++-------
Melee: Hand axe          |   155 |   230 |       ||   385
       War axe           |       |    60 |    50 ||   110
Throw: Dart              |     2 |     3 |     2 ||     7
Invok: Animate Remains   |       |    20 |       ||    20
       Animate Dead      |       |       |     5 ||     5
  Use: Scroll            |     1 |     5 |     2 ||     8
       Potion            |     1 |       |       ||     1
 Stab: Sleeping          |     7 |    11 |     1 ||    19
       Distracted        |       |     2 |       ||     2
Armor: Leather armour    |    53 |   107 |    25 ||   185
Dodge: Dodged            |    66 |   124 |    22 ||   212
Block: Kite shield       |    57 |   128 |    27 ||   212
